 Dungeon Crawl Stone Soup version 0.25-a0-547-g27a0b5d1ef (webtiles) character file.

Game seed: 4588059143258994623, levelgen mode: deterministic

302 pk666 the Magician (level 6, -6/32 HPs)
             Began as a Deep Elf Wizard on Feb 22, 2020.
             Was an Initiate of Vehumet.
             Mangled by an ice beast (14 damage)
             ... on level 5 of the Dungeon.
             The game lasted 00:07:45 (5512 turns).

pk666 the Magician (Deep Elf Wizard)                Turns: 5512, Time: 00:07:46

Health: -6/32      AC:  2    Str:  4    XL:     6   Next: 14%
Magic:  1/16       EV: 13    Int: 25    God:    Vehumet [......]
Gold:   176        SH:  0    Dex: 13    Spells: 4/16 levels left

rFire    . . .     SeeInvis .   l - +0 dagger
rCold    . . .     Gourm    .   (no shield)
rNeg     . . .     Faith    +   a - +0 robe
rPois    .         Spirit   .   b - +0 hat
rElec    .         Reflect  .   (no cloak)
rCorr    .         Harm     .   (no gloves)
MR       +....                  (no boots)
Stlth    ++........             n - amulet of faith
HPRegen  0.10/turn              j - ring of protection from magic
MPRegen  0.15/turn              r - ring of wizardry

@: no status effects
A: no striking features
a: Renounce Religion


You were on level 5 of the Dungeon.
You worshipped Vehumet.
Vehumet was noncommittal.
You were hungry.

You visited 2 branches of the dungeon, and saw 6 of its levels.

You collected 176 gold pieces.

Inventory:

Hand Weapons
 l - a +0 dagger (weapon)
Armour
 a - a +0 robe (worn)
 b - a +0 hat (worn)
Jewellery
 j - a ring of protection from magic (left hand)
 n - an amulet of faith (around neck)
 r - a ring of wizardry (right hand)
Scrolls
 f - 6 scrolls of remove curse {unknown}
 g - 5 scrolls of teleportation {unknown}
 i - 4 scrolls of identify {unknown}
 k - 3 scrolls of enchant weapon {unknown}
 m - a scroll of enchant armour {unknown}
 p - 2 scrolls of fear {unknown}
 q - 2 scrolls of noise {unknown}
Potions
 c - 3 potions of might {unknown}
 e - 3 potions of brilliance {unknown}
 h - 2 potions of stabbing {unknown}
 o - 5 potions of curing {unknown}
 s - a potion of mutation {unknown}
 t - a potion of ambrosia {unknown}
 u - a potion of invisibility {unknown}
Comestibles
 d - 11 rations


   Skills:
 - Level 3.2 Dodging
 - Level 2.4 Stealth
 + Level 5.8 Spellcasting
 + Level 3.2 Conjurations
 - Level 2.0 Summonings
 - Level 1.1 Translocations
 + Level 2.3 Fire Magic
 - Level 2.0 Air Magic
 - Level 2.0 Poison Magic


You had 4 spell levels left.
You knew the following spells:

 Your Spells              Type           Power        Failure   Level  Hunger
a - Magic Dart            Conj           ###.         1%          1    None
b - Blink                 Tloc           N/A          3%          2    None
c - Conjure Flame         Conj/Fire      ###.....     3%          3    #......
d - Mephitic Cloud        Conj/Pois/Air  ###.....     3%          3    #......
e - Call Imp              Summ           ###.....     1%          2    None
f - Apportation           Tloc           ##....       1%          1    None

Your spell library contained the following spells:

 Spells                   Type           Power        Failure   Level  Hunger
 Summon Small Mammal      Summ           ###.         1%          1    None
 Animate Skeleton         Necr           N/A          3%          1    None
 Corona                   Hex            #......      3%          1    None
 Slow                     Hex            #.......     4%          2    None


Dungeon Overview and Level Annotations

Branches:
Dungeon (5/15)             Temple (1/1) D:4

Altars:
Cheibriados
Dithmenos
Elyvilon
Fedhas
Gozag
Hepliaklqana
Kikubaaqudgha
Makhleb
Nemelex Xobeh
Trog
Vehumet
Xom
Yredelemnul
Zin


Message History

The ice beast is almost dead.
The ice beast closely misses you.
You barely miss the ice beast.
The ice beast is almost dead.
The ice beast misses you.
You hit the ice beast but do no damage.
The ice beast is almost dead.
The ice beast hits you. The ice beast freezes you!
You closely miss the ice beast.
The ice beast is almost dead.
The ice beast closely misses you.
Casting: Magic Dart (safe; 1% risk of failure)
Confirm with . or Enter, or press ? or * to list all spells.
You don't have enough magic to cast that spell.
You hit the ice beast but do no damage.
The ice beast is almost dead.
The ice beast hits you.
* * * LOW HITPOINT WARNING * * *
The ice beast freezes you!
You die...

###
#<#
#.#
#@#
#Y#
#.#
#.#
#.#
#.#
...
...##
.###.


You could see an ice beast.

Vanquished Creatures
  2 orc wizards (D:3)
  A worker ant (D:4)
  4 adders
  3 oozes
  5 worms
  A leopard gecko (D:3)
  9 orcs
  2 giant cockroaches
  9 goblins
  10 hobgoblins
  2 jackals (D:3)
  2 ball pythons
  7 bats
  2 frilled lizards
  13 kobolds
  14 rats
86 creatures vanquished.

Vanquished Creatures (collateral kills)
  A howler monkey (D:3)
  An iguana (D:4)
  A worker ant (D:4)
3 creatures vanquished.

Vanquished Creatures (others)
  A kobold (D:1)
1 creature vanquished.

Grand Total: 90 creatures vanquished

Notes
Turn   | Place    | Note
-------+----------+-------------------------------------------
     0 | D:1      | pk666 the Deep Elf Wizard began the quest for the Orb.
     0 | D:1      | Reached XP level 1. HP: 10/10 MP: 7/7
   385 | D:1      | Reached XP level 2. HP: 15/15 MP: 3/9
  1392 | D:1      | Reached XP level 3. HP: 19/19 MP: 7/11
  1456 | D:1      | Learned a level 2 spell: Blink
  1460 | D:1      | Learned a level 3 spell: Conjure Flame
  1464 | D:1      | Learned a level 3 spell: Mephitic Cloud
  1467 | D:1      | Learned a level 2 spell: Call Imp
  1717 | D:2      | Found a bloodstained altar of Trog.
  2023 | D:2      | Reached skill level 5 in Spellcasting
  2059 | D:2      | Found a sparkling altar of Nemelex Xobeh.
  2516 | D:3      | Reached skill level 1 in Fire Magic
  2553 | D:3      | Reached XP level 4. HP: 24/24 MP: 8/13
  2879 | D:3      | Reached skill level 1 in Poison Magic
  2962 | D:3      | Reached skill level 1 in Air Magic
  3183 | D:3      | Reached XP level 5. HP: 16/28 MP: 1/14
  3536 | D:3      | Learned a level 1 spell: Apportation
  4836 | D:4      | Found a shadowy altar of Dithmenos.
  4982 | D:4      | Found a staircase to the Ecumenical Temple.
  5051 | D:4      | Reached XP level 6. HP: 32/32 MP: 2/16
  5172 | Temple   | Entered the Ecumenical Temple
  5195 | Temple   | Became a worshipper of Vehumet
  5478 | D:5      | Entered Level 5 of the Dungeon
  5484 | D:5      | Noticed an ice beast
  5512 | D:5      | Mangled by an ice beast

Levels and vault maps discovered:
D:1:      dpeg_arrival_ratfight, layout_loops_corners, minivault_26,
          hangedman_abyss_or_decor_stabs, lemuel_old_faithful
D:2:      layout_basic, lemuel_round_altar, first_ration,
          nemelex_diamond_rough_becter
D:3:      minmay_inner_zag, layout_basic, serial_co_window_serial,
          co_window_of_opportunity_a, co_window_of_opportunity_a,
          co_window_paths_a, co_window_corner_a, co_window_of_opportunity_a,
          co_window_unsneaky_path_a, co_window_broadway_c,
          co_window_of_opportunity_b, co_window_unsneaky_path_a,
          co_window_corner_ca, glass_columns_b
D:4:      layout_cave_pools, nicolae_dithmenos_through_a_glass_darkly,
          temple_hall
D:5:      corexii_shack_village, layout_basic, overflow_temple_1_default,
          uniq_pikel
Temple:   nicolae_temple_no_exploring_needed

Skill      XL: |  1  2  3  4  5  6 |
---------------+-------------------+-----
Dodging        | 3 |  3.2
Conjurations   | 2 3 |  3.2
Spellcasting   | 5 |  5.8
Fire Magic     | 1 2 |  2.3
Poison Magic   | 1 2 |  2.0
Air Magic      | 1 2 |  2.0
Summonings     | 2 |  2.0
Stealth        | |  2.4
Translocations | |  1.1

Action                   |  1- 3 |  4- 6 || total
-------------------------+-------+-------++-------
Melee: Dagger            |       |     7 ||     7
 Cast: Magic Dart        |   123 |   144 ||   267
       Mephitic Cloud    |       |     5 ||     5
       Conjure Flame     |       |     3 ||     3
       Call Imp          |       |     2 ||     2
       Blink             |       |     1 ||     1
  Eat: Chunk             |     4 |     9 ||    13
Armor: Robe              |     2 |     1 ||     3
Dodge: Dodged            |    15 |    14 ||    29

Table legend:
 A = Non-vault XP
 B = Vault XP
 C = Vault XP percentage of total XP
 D = Non-vault monster count
 E = Vault monster count
 F = Vault count percentage of total count
                 A         B        C        D         E       F
            +---------+---------+-------+---------+---------+-------
      Total |     416 |      16 |   3.7 |      78 |      11 |  12.4
            +---------+---------+-------+---------+---------+-------
        D:1 |      37 |       5 |  11.9 |      23 |       5 |  17.9
        D:2 |      40 |       0 |   0.0 |      17 |       0 |   0.0
        D:3 |     222 |      11 |   4.7 |      27 |       6 |  18.2
        D:4 |     117 |       0 |   0.0 |      11 |       0 |   0.0
            +---------+---------+-------+---------+---------+-------
